 Dungeon Crawl Stone Soup version 0.30-b1-2-g02819fbbbe (webtiles) character file.

Game seed: 14550054026845274259

2128 Arcadio the Cleaver (level 9, 0/79 (83) HPs)
             Began as a Minotaur Monk on May 12, 2023.
             Succumbed to a water moccasin's poison
             ... on level 7 of the Dungeon.
             The game lasted 00:08:08 (6005 turns).

Arcadio the Cleaver (Minotaur Monk)                 Turns: 6005, Time: 00:08:09

HP:   0/79 (83)     AC:  9    Str: 21    XL:     9   Next: 8%
MP:   3/8           EV: 11    Int:  7    God:
Gold: 382           SH:  0    Dex: 12    Spells: 8/8 levels left

rFire   . . .        a - +0 hand axe
rCold   . . .        d - orb {light}
rNeg    . . .        m - +0 scale mail
rPois   .            (helmet restricted)
rElec   .            (no cloak)
rCorr   .            (no gloves)
SInv    .            o - +0 pair of boots
Will    .....        g - amulet of guardian spirit Stlth
                     (no ring)
HPRegen 0.33/turn    (no ring)
MPRegen 0.11/turn

%: guardian spirit
@: lethally poisoned (0 -> -29), glowing, lightly drained
A: horns 2, retaliatory headbutt
a: no special abilities


You were on level 7 of the Dungeon.
You visited 2 branches of the dungeon, and saw 8 of its levels.
You also visited: Sewer.

You collected 415 gold pieces.
You spent 33 gold pieces at shops.

Inventory:

Hand Weapons
 a - a +0 hand axe (weapon)
Armour
 b - a +0 robe
 d - an orb of light (worn)
 m - a +0 scale mail (worn)
 o - a +0 pair of boots (worn)
Jewellery
 g - an amulet of guardian spirit (around neck)
 n - a ring of positive energy
 D - an amulet of the acrobat
Wands
 u - a wand of acid (4)
 v - a wand of roots (13)
Scrolls
 f - a scroll of enchant armour {unknown}
 i - 3 scrolls of blinking
 k - 4 scrolls of teleportation {unknown}
 l - 2 scrolls of enchant weapon
 p - 5 scrolls of fog {unknown}
 s - 2 scrolls of amnesia {unknown}
 w - a scroll of noise {unknown}
 y - 2 scrolls of poison {unknown}
 z - a scroll of vulnerability {unknown}
 A - 2 scrolls of fear {unknown}
Potions
 c - 3 potions of ambrosia
 e - 2 potions of berserk rage
 h - 2 potions of flight
 j - 7 potions of curing
 q - a potion of mutation {unknown}
 t - 2 potions of attraction {unknown}
 x - 2 potions of lignification {unknown}
 B - a potion of cancellation {unknown}
 C - a potion of heal wounds {unknown}


   Skills:
 + Level 9.0 Fighting
 + Level 9.1 Axes
 + Level 8.1 Armour
 - Level 3.5 Dodging


You had 8 spell levels left.
You didn't know any spells.
Your spell library contained the following spells:

 Spells                   Type           Power      Damage    Failure   Level
 Sandblast                Erth           0%         2d4       73%         1
 Shock                    Conj/Air       0%         1d3       73%         1
 Passwall                 Tmut/Erth      0%         N/A       86%         2
 Stone Arrow              Conj/Erth      0%         3d7       97%         3
 Swiftness                Air            0%         N/A       97%         3
 Airstrike                Air            0%         2d(0-16)  100%        4
 Animate Armour           Summ/Erth      0%         N/A       100%        4
 Lehudib's Crystal Spear  Conj/Erth      0%         10d2      100%        8


Dungeon Overview and Level Annotations

Branches:
Dungeon (7/15) Zot: 26975  Temple (1/1) D:6 Zot: 5862   Sewer (visited)

Altars:
Ashenzari
Cheibriados
Dithmenos
Elyvilon
Fedhas
Gozag
Hepliaklqana
Kikubaaqudgha
Nemelex Xobeh
Okawaru
Qazlal
Ru
Sif Muna
Trog
Uskayaw
Vehumet
Xom
Yredelemnul
Zin

Shops:
D:1 !((:   D:7 [

Annotations:
D:6 3 runed translucent doors, Chingon's ghost, novice DsNe


Innate Abilities, Weirdness & Mutations

You have a pair of horns on your head.
You reflexively headbutt those who attack you in melee.


Message History

The wight hits you but does no damage.
The water moccasin bites you but does no damage.
You slash the wight! You headbutt the wight!
You destroy the wight!
You barely miss the water moccasin. You hit the wight.
You feel sick.
The wight hits you with a +3 morningstar!
The water moccasin closely misses you.
You barely miss the wight. You headbutt the wight.
The wight is moderately damaged.
You hit the water moccasin. You hit the wight.
You feel very sick. The water moccasin bites you.
You are more poisoned.
The water moccasin poisons you! The wight misses you.
The wight hits you with a +3 morningstar!
You feel drained.
You feel very sick. The water moccasin closely misses you.
You furiously retaliate!
You headbutt the water moccasin!
You feel very sick.
You feel sick.
The water moccasin attacks as you move away!
The water moccasin bites you.
You are more poisoned.
The water moccasin poisons you!
You feel very sick. The water moccasin closely misses you.
You feel very sick. The water moccasin bites you.
The wight attacks as you move away!
The wight hits you with a +3 morningstar!
* * * LOW HITPOINT WARNING * * *
You feel drained.
* * * LOW HITPOINT WARNING * * *
The water moccasin attacks as you move away!
The water moccasin bites you.
* * * LOW HITPOINT WARNING * * *
You are more poisoned.
The water moccasin poisons you!
You die...

##### .... .# #..#
...##..############
#.../.##z.@.......
#...∩.zS#########
####.........#
#..###.##.#
#..###.#..#
#.....)......#..# #
##..?....#...#..#.####
+.......+............
#.......##.#..##.####


You could see a water moccasin and 2 wights.

Vanquished Creatures
  Grinder (D:6)
  A water moccasin (Sewer)
  2 sky beasts
  A black bear (D:6)
  3 ogres
  A centaur (D:5)
  4 phantoms (D:5)
  A bullfrog (D:6)
  A scorpion (D:6)
  A wight (D:7)
  An orc priest (D:5)
  4 jellies
  2 hounds
  A sleepcap (D:4)
  3 iguanas
  3 orc wizards
  Ijyb (D:4)
  7 gnolls
  13 adders
  2 shadow imps
  2 white imps (D:6)
  A worm (D:4)
  4 dart slugs
  26 orcs
  2 bat zombies (D:5)
  11 endoplasms
  4 giant cockroaches
  7 hobgoblins
  A jackal (D:3)
  4 kobolds
  3 quokkas
  8 ball pythons
  8 bats
  4 frilled lizards
  7 goblins
  5 rats
  2 rat zombies (D:5)
152 creatures vanquished.

Notes
Turn   | Place    | Note
-------+----------+-------------------------------------------
     0 | D:1      | Arcadio the Minotaur Monk began the quest for the Orb.
     0 | D:1      | Reached XP level 1. HP: 19/19 MP: 0/0
   138 | D:1      | Reached XP level 2. HP: 21/27 MP: 1/1
   269 | D:1      | Found Ikecyogu's Book Shoppe.
   456 | D:1      | Found Coferhac's Antique Weapon Emporium.
   584 | D:1      | Found Erifeob's Antique Weapon Boutique.
   590 | D:1      | Found Wurillae's Distillery.
   596 | D:1      | Bought a potion of curing for 33 gold pieces
   689 | D:1      | Reached skill level 1 in Armour
   745 | D:2      | Reached XP level 3. HP: 33/33 MP: 2/2
   855 | D:2      | Reached XP level 4. HP: 41/41 MP: 3/3
  1684 | D:2      | Found a faded altar of an unknown god.
  1959 | D:3      | Found a glowing drain.
  1978 | Sewer    | Entered a sewer
  1998 | Sewer    | Noticed a water moccasin
  2006 | Sewer    | Killed a water moccasin
  2007 | Sewer    | Reached skill level 5 in Fighting
  2007 | Sewer    | Reached skill level 5 in Axes
  2007 | Sewer    | Reached XP level 5. HP: 31/48 MP: 4/4
  2262 | D:3      | Reached XP level 6. HP: 56/56 MP: 5/5
  2764 | D:4      | Noticed Ijyb
  2766 | D:4      | Noticed a sky beast
  2791 | D:4      | Killed a sky beast
  2799 | D:4      | Killed Ijyb
  3048 | D:4      | Reached XP level 7. HP: 60/63 MP: 4/6
  3125 | D:4      | Reached skill level 5 in Armour
  3390 | D:4      | Found a snail-covered altar of Cheibriados.
  3585 | D:4      | Found a bloodstained altar of Trog.
  3864 | D:5      | Entered Level 5 of the Dungeon
  4087 | D:5      | Reached XP level 8. HP: 47/73 MP: 5/7
  4251 | D:5      | Found an ancient bone altar of Kikubaaqudgha.
  4297 | D:5      | Found a shadowy altar of Dithmenos.
  4537 | D:5      | Found an opulent altar of Gozag.
  4537 | D:5      | Found a shimmering blue altar of Sif Muna.
  5088 | D:6      | Found a staircase to the Ecumenical Temple.
  5304 | D:6      | Found a broken altar of Ashenzari.
  5351 | D:6      | Noticed Grinder
  5399 | D:6      | Paralysed by Grinder for 4 turns
  5406 | D:6      | Killed Grinder
  5407 | D:6      | Reached XP level 9. HP: 55/82 MP: 6/8
  5411 | Temple   | Entered the Ecumenical Temple
  5804 | D:6      | Found a runed translucent gate.
  5804 | D:6      | Noticed Chingon's ghost (novice DsNe)
  5805 | D:6      | Found a runed translucent gate.
  5806 | D:6      | Found a runed translucent gate.
  5988 | D:7      | Found Etua's Antique Armour Shop.
  6005 | D:7      | Succumbed to a water moccasin's poison

Illustrated notes

Levels and vault maps discovered:
D:1:      arrival_zaba_pyramid, layout_basic, serial_shops,
          nicolae_shop_behind_doors, shop, nicolae_shop_waterfront,
          nicolae_shop_advertising_works [nicolae_subvault_shop_adworks]
D:2:      layout_basic, shapermc_ecumenical_altar_mp_ritualfount
D:3:      layout_basic, gup_sewer_entry_glass, hangedman_feature_mirror,
          minmay_misc_feat_plants, minmay_surrounded
D:4:      layout_basic, mainiacjoe_overflow_big_doors, uniq_ijyb
D:5:      layout_basic, lemuel_zombie_altar_kikubaaqudgha,
          nicolae_dithmenos_the_darkroom,
          chequers_temple_overflow_statue_of_worship, minmay_misc_feat_hallway
D:6:      layout_cave_pools, evilmike_ruin_ashenzari,
          minmay_temple_entry_arrows, biasface_ghost_orc_armoury, uniq_grinder
D:7:      layout_basic, bloody_makhleb, serial_shops, nicolae_square_shop
Temple:   nicolae_temple_x_marks_the_god

Skill      XL: |  1  2  3  4  5  6  7  8  9 |
---------------+----------------------------+-----
Fighting       | 4 5 6 7 8 9 |  9.0
Axes           | 4 5 6 7 8 9 |  9.1
Armour         | 1 3 4 6 7 8 |  8.1
Dodging        | |  3.5

Action                     |  1- 3 |  4- 6 |  7- 9 || total
---------------------------+-------+-------+-------++-------
  Melee: Hand axe          |    47 |   121 |   214 ||   382
         Headbutt          |     8 |    28 |    69 ||   105
    Use: Scroll            |       |       |     4 ||     4
 Armour: Robe              |    13 |       |       ||    13
         Scale mail        |       |    60 |    82 ||   142
  Dodge: Dodged            |    33 |    60 |   128 ||   221
